 Dungeon Crawl Stone Soup version 0.17-a0-910-ga669010 (console) character file.

72 Fusha the Caller (level 4, 0/61 HPs)
             Began as an Ogre Summoner on May 2, 2015.
             Slain by Natasha (2 damage)
             ... on level 3 of the Dungeon.
             The game lasted 00:09:12 (3126 turns).

Fusha the Caller (Ogre Summoner)                    Turns: 3126, Time: 00:09:12

Health: 0/61       AC:  3    Str: 18    XL:     4   Next: 26%
Magic:  4/8        EV: 10    Int: 15    God:
Gold:   91         SH:  0    Dex: 10    Spells: 2 memorised, 4 levels left

rFire  + . .     SeeInvis .     g - +0 club
rCold  . . .     Clarity  .     a - +0 robe
rNeg   . . .     SustAb   .     (no shield)
rPois  +         Gourm    .     (helmet restricted)
rElec  .         Spirit   .     (no cloak)
rCorr  .         Warding  .     (gloves unavailable)
rMut   .         Stasis   .     (boots unavailable)
MR     .....                    (no amulet)
Stlth  ..........               j - ring of protection from fire
                                h - ring of poison resistance

@: berserking (expiring), very quick, not resistant to hostile enchantments,
extremely unstealthy
A: unfitting armour, tough skin 1
a: no special abilities


You were on level 3 of the Dungeon.
You were not hungry.

You visited 1 branch of the dungeon, and saw 3 of its levels.

You collected 91 gold pieces.

Inventory:

Hand weapons
 g - a +0 club (weapon)
Armour
 a - a +0 robe (worn)
Jewellery
 h - a ring of poison resistance (left hand)
 j - a ring of protection from fire (right hand)
Scrolls
 d - 2 scrolls of recharging {unknown}
 e - 2 scrolls of fear {unknown}
 f - a scroll of identify {unknown}
 i - 2 scrolls of remove curse {unknown}
 k - a scroll of teleportation {unknown}
Books
 b - a book of Callings

   Spells                             Type                      Level
   a - Summon Small Mammal            Summoning                    1
   b - Call Imp                       Summoning                    2
   c - Call Canine Familiar           Summoning                    3
   d - Summon Guardian Golem          Hexes/Summoning              3
   e - Summon Lightning Spire         Summoning/Air                4
   f - Summon Ice Beast               Ice/Summoning                4
Comestibles
 c - 3 bread rations


   Skills:
 + Level 1.1 Fighting
 + Level 1.6 Maces & Flails
 + Level 2.1 Dodging
 + Level 2.1 Stealth
 + Level 2.9 Spellcasting
 * Level 3.3 Summonings


You had 4 spell levels left.
You knew the following spells:

 Your Spells              Type           Power        Failure   Level  Hunger
a - Summon Small Mammal   Summ           ##..         6%          1    #......
b - Call Canine Familiar  Summ           ##......     17%         3    ###....


Dungeon Overview and Level Annotations

Branches:
Dungeon (3/15)

Altars:
Elyvilon

Annotations:
D:3 Natasha, Robin


Innate Abilities, Weirdness & Mutations

You are too large for most types of armour.
You have tough skin (AC +1).


Message History

Natasha mumbles some strange words.
Natasha claws you.
* * * LOW HITPOINT WARNING * * *
Your magical contamination has completely faded away.
You sock Natasha!
Natasha is heavily wounded.
The crimson imp disappears in a puff of smoke!
Natasha mumbles some strange words.
You hit Natasha.
Natasha is almost dead.
Natasha closely misses you.
You barely miss Natasha.
Natasha is almost dead.
Natasha misses you.
The crimson imp hits you but does no damage.
Natasha completely misses you.
You barely miss Natasha.
Natasha is almost dead.
The crimson imp closely misses you. Natasha claws you.
You die...

........)...5.#
...>........)##
##...?....g5##
###....#...####...
................# #
#.##..#..##########.
.....##§g### #..
#......#..gg######.#######
.#....gggh@5...#.....#
##...g5#####..#.....#
#.#.####.....#.<...#
#....##..# #.#..)..#
##......# #....)..#
#..#.########.....#
#....#......# #..<..#
......#######.###.....#
##).## #...#.....#


You could see Robin, Natasha, a crimson imp, a shadow imp, a hobgoblin
(frenzied) and 5 goblins.

Vanquished Creatures
  2 adders (D:2)
  4 giant cockroaches
  4 goblins
  7 hobgoblins
  7 kobolds
  A ball python (D:1)
  6 bats (D:2)
  8 rats
39 creatures vanquished.

Vanquished Creatures (collateral kills)
  Terence (D:3)
  A worm (D:3)
  A hobgoblin (D:3)
  3 goblins (D:3)
6 creatures vanquished.

Vanquished Creatures (others)
  2 hounds (D:3)
  2 bats (D:3)
  A goblin (D:2)
  2 hobgoblins (D:2)
  A quokka (D:2)
  3 rats
11 creatures vanquished.

Grand Total: 56 creatures vanquished

Notes
Turn   | Place    | Note
--------------------------------------------------------------
     0 | D:1      | Fusha, the Ogre Summoner, began the quest for the Orb.
     0 | D:1      | Reached XP level 1. HP: 16/16 MP: 3/3
    31 | D:1      | Reached skill level 3 in Summonings
   424 | D:1      | Reached XP level 2. HP: 22/24 MP: 5/5
  1606 | D:2      | Reached skill level 1 in Fighting
  1759 | D:2      | Reached XP level 3. HP: 25/33 MP: 2/7
  1764 | D:2      | Learned a level 3 spell: Call Canine Familiar
  2170 | D:2      | Reached skill level 1 in Maces & Flails
  2644 | D:2      | Found a white marble altar of Elyvilon.
  2814 | D:3      | Noticed Terence
  2828 | D:3      | Killed Terence
  2828 | D:3      | Reached XP level 4. HP: 11/41 MP: 2/8
  3101 | D:3      | Noticed Robin
  3106 | D:3      | Noticed Natasha
  3121 | D:3      | HP: 2/41 [Natasha (8)]
  3126 | D:3      | Slain by Natasha

Action                   |  1- 3 |  4- 6 || total
-------------------------+-------+-------++-------
Melee: Club              |   228 |    11 ||   239
       Unarmed           |    21 |       ||    21
 Cast: Summon Small Mamm |     8 |     3 ||    11
       Call Canine Famil |     2 |     1 ||     3
  Use: Potion            |       |     1 ||     1
 Stab: Sleeping          |     2 |       ||     2
  Eat: Fruit             |     3 |       ||     3
       Bread ration      |     1 |       ||     1
       Pizza             |     1 |       ||     1
